 Dungeon Crawl Stone Soup version 0.25-a0-420-g1cc7eeb0d1 (webtiles) character file.

Game seed: 1177087472132632925, levelgen mode: deterministic

177 Eurus the Magician (level 5, -2/35 HPs)
             Began as a Mummy Conjurer on Jan 19, 2020.
             Slain by an iguana (10 damage)
             ... on level 3 of the Dungeon.
             The game lasted 00:08:17 (3840 turns).

Eurus the Magician (Mummy Conjurer)                 Turns: 3840, Time: 00:08:18

Health: -2/35      AC:  2    Str: 11    XL:     5   Next: 31%
Magic:  8/11       EV: 12    Int: 15    God:
Gold:   147        SH:  0    Dex: 13    Spells: 10/13 levels left

rFire    x . .     SeeInvis .   m - +0 quarterstaff (curse)
rCold    + . .     Gourm    .   (shield currently unavailable)
rNeg     + + +     Faith    .   a - +0 robe
rPois    ∞         Spirit   .   (no helmet)
rElec    .         Reflect  .   (no cloak)
rCorr    .         Harm     .   (no gloves)
MR       .....                  (no boots)
Stlth    ++........             (no amulet)
HPRegen  0.11/turn              (no ring)
MPRegen  0.12/turn              (no ring)

@: no status effects
A: no food or potions, fire vulnerability, cold resistance 1, negative energy
resistance 3, torment resistance, unbreathing
a: no special abilities


You were on level 3 of the Dungeon.
You were not hungry.

You visited 1 branch of the dungeon, and saw 4 of its levels.

You collected 147 gold pieces.

Inventory:

Hand Weapons
 e - a +0 dagger of freezing
 m - a cursed +0 quarterstaff (weapon)
Armour
 a - a +0 robe (worn)
Jewellery
 g - an uncursed ring of ice {unknown}
Scrolls
 b - a scroll of magic mapping {unknown}
 c - a scroll of teleportation {unknown}
 f - a scroll of amnesia {unknown}
 h - a scroll of noise {unknown}
 i - 2 scrolls of remove curse {unknown}
 j - a scroll of enchant weapon {unknown}
 k - a scroll of identify {unknown}
 l - a scroll of enchant armour {unknown}


   Skills:
 + Level 0.0 Staves
 - Level 1.5 Dodging
 - Level 3.0 Stealth
 + Level 4.6 Spellcasting
 + Level 4.2 Conjurations


You had 10 spell levels left.
You knew the following spells:

 Your Spells              Type           Power        Failure   Level  Hunger
a - Magic Dart            Conj           ###.         3%          1    N/A
b - Searing Ray           Conj           ###...       4%          2    N/A

Your spell library contained the following spells:

 Spells                   Type           Power        Failure   Level  Hunger
 Dazzling Flash           Conj/Hex       #.....       22%         3    N/A
 Fulminant Prism          Conj/Hex       #.........   56%         4    N/A
 Iskenderun's Mystic Bla  Conj/Tloc      #.......     56%         4    N/A

Dungeon Overview and Level Annotations

Branches:
Dungeon (4/15)
 Temple: D:4-7

Altars:


Innate Abilities, Weirdness & Mutations

You do not eat or drink.
Your flesh is vulnerable to fire.
You are immune to poison.
Your flesh is cold resistant. (rC+)
You are immune to negative energy. (rN+++)
You are immune to unholy pain and torment.
You can survive without breathing.


Message History

The iguana is moderately wounded.
The iguana bites you!
The jackal barks!
The jackal barks!
The adder hisses angrily.
You hear a shout!
The iguana bites you.
You climb upwards.
There is a stone staircase leading down here.
Casting: Searing Ray (safe; 4% risk of failure)
Confirm with . or Enter, or press ? or * to list all spells.
Aiming: Searing Ray (safe; 4% risk of failure)
Press: ? - help, Shift-Dir - straight line, f - iguana
Aim: an iguana (moderately wounded)
The searing ray misses the iguana. (Press . to maintain the ray.)
The iguana bites you!
* * * LOW HITPOINT WARNING * * *
The searing ray hits the iguana.
The iguana is heavily wounded.
The iguana bites you!
You die...

#.# #.# ######
#.###....#######
##...#..........##
#......#.......!.####
#######.........###.......#
.............##.###...###.#
.######....#.##l......# #.#
.# ##.###.##.@##..## #.# .#
#.# #.....##..####.# .# #.#
#.###.##.......# .#
##'###.........###### .###
##...######.#####
...###.....## #.###
.#.##.......## #.#.##
##.#.........###....##
...'.........'.......#


You could see an iguana.

Vanquished Creatures
  An orc priest (D:3)
  A worker ant (D:3)
  3 gnolls (D:4)
  3 adders (D:2)
  An ooze (D:3)
  A worm (D:2)
  3 leopard geckos
  5 orcs
  7 bats
  2 giant cockroaches
  4 goblins (D:1)
  8 hobgoblins
  4 jackals (D:1)
  A frilled lizard (D:2)
  6 kobolds
  4 rats
54 creatures vanquished.

Notes
Turn   | Place    | Note
-------+----------+-------------------------------------------
     0 | D:1      | Eurus the Mummy Conjurer began the quest for the Orb.
     0 | D:1      | Reached XP level 1. HP: 13/13 MP: 4/4
   145 | D:1      | Reached XP level 2. HP: 9/19 MP: 1/6
   152 | D:1      | Learned a level 2 spell: Searing Ray
   381 | D:1      | You fall into a shaft and drop 1 floor!
   733 | D:1      | Reached XP level 3. HP: 23/24 MP: 2/7
  1942 | D:2      | Reached XP level 4. HP: 24/30 MP: 6/9
  3344 | D:4      | Reached XP level 5. HP: 35/35 MP: 4/11
  3455 | D:4      | Noticed an ogre
  3840 | D:3      | Slain by an iguana

Levels and vault maps discovered:
D:1:      sevenhm_arrival_forest_fort_large_2, layout_rooms, minmay_pentomino_x4
D:2:      layout_basic
D:3:      layout_loops_corners
D:4:      minmay_opposing_rooms, layout_basic, lemuel_coloured_pillars_altar,
          first_ration, grunt_gozag_statues, uniq_eustachio

Skill      XL: |  1  2  3  4 |
---------------+-------------+-----
Spellcasting   | 3 4 |  4.6
Stealth        | 2 3 |  3.0
Conjurations   | 4 |  4.2
Dodging        | |  1.5

Action                   |  1- 3 |  4- 6 || total
-------------------------+-------+-------++-------
Melee: Club              |     4 |       ||     4
       Unarmed           |     1 |       ||     1
       Dagger            |    42 |    36 ||    78
       Quarterstaff      |       |     1 ||     1
 Cast: Magic Dart        |    49 |    47 ||    96
       Searing Ray       |     3 |     6 ||     9
 Stab: Sleeping          |       |     1 ||     1
Armor: Robe              |    12 |     7 ||    19
Dodge: Dodged            |    44 |    46 ||    90

Table legend:
 A = Non-vault XP
 B = Vault XP
 C = Vault XP percentage of total XP
 D = Non-vault monster count
 E = Vault monster count
 F = Vault count percentage of total count
                 A         B        C        D         E       F
            +---------+---------+-------+---------+---------+-------
      Total |     250 |       4 |   1.6 |      52 |       2 |   3.7
            +---------+---------+-------+---------+---------+-------
        D:1 |      37 |       4 |   9.8 |      19 |       2 |   9.5
        D:2 |      61 |       0 |   0.0 |      14 |       0 |   0.0
        D:3 |     106 |       0 |   0.0 |      15 |       0 |   0.0
        D:4 |      46 |       0 |   0.0 |       4 |       0 |   0.0
            +---------+---------+-------+---------+---------+-------
